 Dungeon Crawl Stone Soup version 0.28-a0-233-gb8ca4b6547 (webtiles) character file.

Game seed: 180637885247490347

16 willcat the Sneak (level 2, 0/19 HPs)
             Began as a Kobold Delver on Aug 23, 2021.
             Slain by an elf zombie (4 damage)
             ... in an ossuary.
             The game lasted 00:01:23 (489 turns).

willcat the Sneak (Kobold Delver)                    Turns: 489, Time: 00:01:24

Health: 0/19       AC:  3    Str:  9    XL:     2   Next: 70%
Magic:  2/2        EV: 14    Int: 11    God:
Gold:   18         SH:  0    Dex: 16    Spells: 1/1 levels left

rFire   . . .      SeeInvis .   a - +0 short sword
rCold   . . .      Faith    .   (shield restricted)
rNeg    . . .      Spirit   .   b - +0 leather armour
rPois   .          Reflect  .   (no helmet)
rElec   .          Harm     .   (no cloak)
rCorr   .          Rampage  .   (no gloves)
Will    .....                   (no boots)
Stlth   ++++......              (no amulet)
HPRegen 0.06/turn               (no ring)
MPRegen 0.08/turn               (no ring)

@: no status effects
A: small, no large weapons, nightstalker 3
a: no special abilities


You were in an ossuary.
You visited 1 branch of the dungeon, and saw 2 of its levels.
You also visited: Ossuary.

You collected 18 gold pieces.

Inventory:

Hand Weapons
 a - a +0 short sword (weapon)
Armour
 b - a +0 leather armour (worn)
Wands
 g - a wand of digging (3)
Scrolls
 c - a scroll of fog
 d - a scroll of magic mapping
 e - a scroll of fear
Potions
 f - a potion of haste


   Skills:
 - Level 3.2 Fighting
 + Level 3.2 Short Blades
 + Level 2.9 Dodging
 + Level 6.9 Stealth


You had one spell level left.
You didn't know any spells.
Your spell library was empty.

Dungeon Overview and Level Annotations

Branches:
Dungeon (6/15)            Ossuary (1/1)
 Temple: D:4-7

Altars:


Innate Abilities, Weirdness & Mutations

You are small and have problems with some larger weapons.
You are completely attuned to the shadows.


Message History

An orc zombie comes into view.
A human zombie comes into view.
The orc zombie closely misses you.
You hit the orc zombie.
The orc zombie is heavily damaged.
You hit the orc zombie.
The orc zombie is almost destroyed.
The orc zombie completely misses you.
You hit the orc zombie.
You destroy the orc zombie!
You barely miss the human zombie. The human zombie hits you.
You are too injured to fight recklessly!
You are too injured to fight recklessly!
You hit the human zombie.
The human zombie is lightly damaged.
The human zombie hits you.
* * * LOW HITPOINT WARNING * * *
You hit the human zombie.
The human zombie is lightly damaged.
The human zombie barely misses you.
You completely miss the goblin zombie. The goblin zombie hits you.
* * * LOW HITPOINT WARNING * * *
You hit the goblin zombie.
The goblin zombie is lightly damaged.
The goblin zombie barely misses you. The human zombie closely misses you.
A hobgoblin zombie comes into view.
A mummy comes into view.
The mummy moves out of view.
The hobgoblin zombie hits you.
* * * LOW HITPOINT WARNING * * *
A hobgoblin zombie comes into view.
A mummy comes into view.
The hobgoblin zombie misses you.
The mummy moves out of view.
An elf zombie comes into view.
The hobgoblin zombie barely misses you. The human zombie barely misses you.
The goblin zombie hits you but does no damage.
The human zombie misses you. The elf zombie hits you.
You die...

##################
#.........∩∩......
#......M......Z...
#Z.M##############
#ZZ.# # #.Z.# #
#@..# # #...#
...∩.###### #...#
.....#ZZ..# #...#
.....# #.# #..Z#
.....####.# #...#
..........# #...#
###..####.# #...#
#..# #.# #...#
#.^# !.#


You could see a mummy, a goblin zombie, 2 hobgoblin zombies, an elf zombie and a
human zombie.

Vanquished Creatures
  A goblin zombie (Ossuary)
  6 hobgoblin zombies (Ossuary)
  A jackal zombie (Ossuary)
  5 kobold zombies (Ossuary)
  10 orc zombies (Ossuary)
23 creatures vanquished.

Notes
Turn   | Place    | Note
-------+----------+-------------------------------------------
     0 | D:5      | willcat the Kobold Delver began the quest for the Orb.
     0 | D:5      | Reached XP level 1. HP: 14/14 MP: 1/1
    18 | D:5      | Noticed an ice beast
    73 | D:6      | Found a sand-covered staircase.
    83 | Ossuary  | Entered an ossuary
   235 | Ossuary  | Reached XP level 2. HP: 19/19 MP: 2/2
   489 | Ossuary  | Slain by an elf zombie

Illustrated notes

Levels and vault maps discovered:
D:5:      layout_cave_pools, kennysheep_little_box, minmay_temple_entry_hall
D:6:      layout_basic, enter_ossuary_3, uniq_prince_ribbit1
Ossuary:  ossuary_tomb_1

Skill      XL: |  1 |
---------------+----+-----
Short Blades   | 3 |  3.2
Fighting       | |  3.2
Dodging        | |  2.9
Stealth        | |  6.9

Action                   || total
-------------------------++-------
Melee: Short sword       ||    88
 Stab: Sleeping          ||     8
Armor: Leather armour    ||    13
Dodge: Dodged            ||    54

Table legend: (Time is in decaauts)
 A = Elapsed time spent in this place.
 B = Non-inter-level travel time spent in this place.
 C = Inter-level travel time spent in this place.
 D = Time resting spent in this place.
 E = Time spent auto-exploring this place.
 F = Levels seen in this place.
 G = Mean time per level.
                   A        B        C        D        E       F      G
               +--------+--------+--------+--------+--------+-----+--------+
         Total |    483 |    483 |      0 |     74 |     93 |   3 |  161.0 |
       Dungeon |     82 |     82 |      0 |      0 |     52 |   2 |   41.0 |
       Ossuary |    400 |    400 |      0 |     74 |     41 |   1 |  400.0 |
               +--------+--------+--------+--------+--------+-----+--------+

Top non-repeatable levels by time:
 Ossuary: 400 daAuts
     D:6: 44 daAuts
     D:5: 38 daAuts
